 Dungeon Crawl Stone Soup version 0.26.1-2-gb8aa6d0cf2 (webtiles) character file.

Game seed: 16466202190957572645

245 phalm the Shield-Bearer (level 6, -1/38 HPs)
             Began as a Gargoyle Fighter on Mar 5, 2021.
             Was an Initiate of Okawaru.
             Slain by an ogre
             ... wielding a cursed -2 giant club
              (9 damage)
             ... on level 4 of the Dungeon.
             The game lasted 00:05:02 (2937 turns).

phalm the Shield-Bearer (Gargoyle Fighter)          Turns: 2937, Time: 00:05:02

Health: -1/38      AC: 18    Str: 22    XL:     6   Next: 10%
Magic:  6/6        EV:  0    Int:  8    God:    Okawaru [......]
Gold:   115        SH:  9    Dex:  9    Spells: 5/5 levels left

rFire    . . .     SeeInvis .   a - +0 flail
rCold    . . .     Faith    .   c - +0 kite shield
rNeg     + . .     Spirit   .   j - +0 plate armour
rPois    ∞         Reflect  .   (no helmet)
rElec    +         Harm     .   n - +0 cloak
rCorr    .         Rampage  .   (no gloves)
Will     .....                  p - +0 pair of boots
Stlth    ..........             (no amulet)
HPRegen  0.12/turn              b - -4 ring of evasion (curse)
MPRegen  0.10/turn              (no ring)

@: flying
A: negative energy resistance 1, electricity resistance, unbreathing,
petrification resistance, miasma immunity, AC +4
a: Renounce Religion


You were on level 4 of the Dungeon.
You worshipped Okawaru.
Okawaru was noncommittal.
You visited 1 branch of the dungeon, and saw 4 of its levels.

You collected 115 gold pieces.

Inventory:

Hand Weapons
 a - a +0 flail (weapon)
Armour
 c - a +0 kite shield (worn)
 j - a +0 plate armour (worn)
 n - a +0 cloak (worn)
 p - a +0 pair of boots (worn)
Jewellery
 b - a cursed -4 ring of evasion (left hand)
Scrolls
 f - a scroll of remove curse
Potions
 d - 2 potions of might
 i - a potion of heal wounds {unknown}
 k - a potion of flight
 m - a potion of mutation {unknown}
 o - 2 potions of brilliance {unknown}


   Skills:
 + Level 4.1 Fighting
 * Level 3.9 Maces & Flails
 + Level 4.3 Armour
 * Level 4.8 Shields


You had 5 spell levels left.
You didn't know any spells.
Your spell library was empty.

Dungeon Overview and Level Annotations

Branches:
Dungeon (4/15)             Temple (0/1) D:4

Altars:
Okawaru
Trog


Innate Abilities, Weirdness & Mutations

You are resistant to torment.
Your stone body is resilient. (AC +4)
You are immune to poison.
You resist negative energy. (rN+)
You are resistant to electric shocks. (rElec)
You can survive without breathing.
You are immune to petrification.
You are immune to miasma.


Message History

The leopard gecko bites you but does no damage.
You block the scorpion's attack.
Your unstable footing causes you to fumble your attack.
The ogre hits you with a cursed -2 giant club!
* * * LOW HITPOINT WARNING * * *
You block the worker ant's attack.
The leopard gecko bites you but does no damage.
You block the scorpion's attack.
The worker ant bites you but does no damage.
You feel better.
The leopard gecko bites you but does no damage.
You block the ogre's attack.
The scorpion splashes around in the water.
You block the worker ant's attack.
The leopard gecko splashes around in the water.
It was a potion of flight.
You feel very buoyant.
You fly up into the air.
The ogre hits you with a cursed -2 giant club!
You die...

...,#### ..#....##
..#.....# ..#.....# #####
.....#..######..o#
..#.##......#..#w# ***
#.?...........##o##****≈**
..............#OsB#≈≈≈≈≈≈*
......#....#..#≈@≈#≈≈*≈≈≈*
......##.>##..##l##≈≈**≈**
......##..#w..##S#≈≈≈≈*≈*
..#...##.....O##r#≈≈∩≈*≈*
.##...#.w.....##≈#*≈≈**≈**
.##....|......#≈≈≈****≈≈≈*
.....##.#.....#≈≈≈≈≈≈≈≈≈≈*
##....####....##≈#*****≈**
*#....* *...###*** ***


You could see an ogre, a scorpion, a worker ant, an orc priest, an orc wizard,
an adder, a dart slug, a leopard gecko and a rat.

Vanquished Creatures
  An orc wizard (D:3)
  Jessica (D:2)
  6 adders
  A river rat (D:4)
  2 oozes (D:3)
  5 worms
  2 dart slugs (D:1)
  2 leopard geckos
  5 orcs (D:3)
  4 giant cockroaches
  8 goblins
  7 hobgoblins
  13 jackals
  5 kobolds
  A quokka (D:2)
  A ball python (D:1)
  6 bats
  5 frilled lizards
  23 rats
98 creatures vanquished.

Notes
Turn   | Place    | Note
-------+----------+-------------------------------------------
     0 | D:1      | phalm the Gargoyle Fighter began the quest for the Orb.
     0 | D:1      | Reached XP level 1. HP: 14/14 MP: 1/1
   147 | D:1      | Reached XP level 2. HP: 19/19 MP: 2/2
   385 | D:1      | Reached XP level 3. HP: 23/23 MP: 3/3
  1054 | D:2      | Found a bloodstained altar of Trog.
  1094 | D:2      | Reached XP level 4. HP: 19/29 MP: 4/4
  1232 | D:2      | Found an iron altar of Okawaru.
  1240 | D:2      | Became a worshipper of Warmaster Okawaru
  1634 | D:2      | Noticed Jessica
  1639 | D:2      | Killed Jessica
  1648 | D:2      | Reached XP level 5. HP: 20/33 MP: 5/5
  2748 | D:3      | Reached XP level 6. HP: 37/38 MP: 6/6
  2937 | D:4      | Slain by an ogre

Illustrated notes

Levels and vault maps discovered:
D:1:      kennysheep_arrival_forest, layout_basic
D:2:      layout_rooms, bloody_trog, overflow_temple_1_default, minmay_rat_hole,
          uniq_jessica
D:3:      layout_loops_ring
D:4:      layout_cave_pools, eat_drink_and_be_merry_uskayaw,
          nzn_wu_jian_contemplation, minmay_temple_entry_fiery,
          gup_sewer_entry_bubbles, nicolae_ossuary_entry_false_entrances,
          uniq_natasha

Skill      XL: |  1  2  3  4  5 |
---------------+----------------+-----
Maces & Flails | 3 |  3.9
Shields        | 4 |  4.8
Armour         | 4 |  4.3
Fighting       | 4 |  4.1

Action                   |  1- 3 |  4- 6 || total
-------------------------+-------+-------++-------
Melee: Flail             |   159 |   219 ||   378
  Use: Scroll            |       |     4 ||     4
       Potion            |       |     3 ||     3
Armor: Scale mail        |    51 |       ||    51
       Plate armour      |   165 |   269 ||   434
Dodge: Dodged            |    33 |     2 ||    35
Block: Kite shield       |   138 |   161 ||   299
